 Dungeon Crawl Stone Soup version 0.30-a0-222-ge547ba4400 (webtiles) character file.

Game seed: 12169513582067115475

8313 Decritt the Destroyer (level 11, -6/94 HPs)
             Began as a Purple Draconian Conjurer on Oct 8, 2022.
             Was an Initiate of Gozag.
             Mangled by Grum
             ... wielding a -1 halberd
              (14 damage)
             ... on level 10 of the Dungeon.
             The game lasted 00:36:26 (13073 turns).

Decritt the Destroyer (Purple Draconian Conjurer)  Turns: 13073, Time: 00:36:26

Health: -6/94      AC:  8    Str: 16    XL:     11   Next: 8%
Magic:  12/23      EV: 10    Int: 25    God:    Gozag
Gold:   1172       SH: 11    Dex:  4    Spells: 20/27 levels left

rFire   + . .      SeeInvis .    j - +10 spear of Rotation {elec, +Blink Fly rC++ Dex-5}
rCold   + + +      Faith    .    q - +3 kite shield of Polish {Int+2}
rNeg    . . .      Spirit   .    (body armour unavailable)
rPois   +          Reflect  .    (helmet restricted)
rElec   .          Harm     .    p - scarf {rC+ rF+}
rCorr   .          Rampage  .    f - +0 pair of gloves
Will    +....                    (no boots)
Stlth   +.........               (no amulet)
HPRegen 0.35/turn                m - +6 ring of strength
MPRegen 0.18/turn                A - ring of poison resistance

@: gold aura, flying
A: breathe power, AC +7, unfitting armour, cold-blooded
a: Breathe Dispelling Energy, Renounce Religion, Evoke Blink, Potion Petition,
Call Merchant, Bribe Branch


You were on level 10 of the Dungeon.
You worshipped Gozag.
Gozag was most pleased with you.
You visited 2 branches of the dungeon, and saw 11 of its levels.
You also visited: Ossuary.

You collected 1332 gold pieces.
You paid 160 gold pieces to Gozag.

Inventory:

Hand Weapons
 j - the +10 spear of Rotation (weapon) {elec, +Blink Fly rC++ Dex-5}
   (You found it on level 6 of the Dungeon)

   It occasionally discharges a powerful burst of electricity upon striking a
   foe.
   Dex:       It affects your dexterity (-5).
   rC:        It greatly protects you from cold.
   Fly:       It grants you flight.
   +Blink:    It lets you blink.
Armour
 f - a +0 pair of gloves (worn)
 p - a scarf of resistance (worn)
 q - the +3 kite shield of Polish (worn) {Int+2}
   (You acquired it on level 7 of the Dungeon)

   Int:       It affects your intelligence (+2).
 z - a +1 cloak
Magical Staves
 r - a staff of air
Jewellery
 d - a ring of fire
 m - a +6 ring of strength (left hand)
 v - a ring of ice
 A - a ring of poison resistance (right hand)
 C - a ring of willpower
Wands
 g - a wand of roots (25)
 i - a wand of quicksilver (14)
 E - a wand of mindburst (21)
 I - a wand of charming (8)
Scrolls
 c - 3 scrolls of immolation
 u - 2 scrolls of fear
 D - 3 scrolls of teleportation
 J - 3 scrolls of butterflies
 K - a scroll of amnesia {unknown}
Potions
 a - a potion of magic
 b - a potion of mutation {unknown}
 e - a potion of invisibility {unknown}
 h - 3 potions of flight
 n - 2 potions of cancellation {unknown}
 o - a potion of attraction
 s - a potion of might
 w - 4 potions of brilliance
 x - 10 potions of curing
 F - 4 potions of haste
 G - 2 potions of lignification


   Skills:
 + Level 8.2 Fighting
 - Level 4.0 Polearms
 + Level 7.1 Dodging
 - Level 1.7 Stealth
 + Level 6.0 Shields
 + Level 8.6 Spellcasting
 + Level 8.6 Conjurations
 - Level 4.0 Hexes


You had 20 spell levels left.
You knew the following spells:

 Your Spells              Type           Power      Damage    Failure   Level
a - Magic Dart            Conj           100%       1d8       1%          1
b - Searing Ray           Conj           100%       2d8       1%          2
c - Fulminant Prism       Conj/Hex       21%        3d13      12%         4

Your spell library contained the following spells:

 Spells                   Type           Power      Damage    Failure   Level
 Slow                     Hex            100%       N/A       3%          1
 Dazzling Flash           Conj/Hex       84%        N/A       3%          3
 Confusing Touch          Hex            30%        N/A       9%          3
 Mephitic Cloud           Conj/Pois/Air  25%        N/A       14%         3
 Beastly Appendage        Tmut           20%        N/A       16%         1
 Call Imp                 Summ           10%        N/A       24%         2
 Cigotuvi's Dreadful Rot  Necr/Pois/Air  20%        N/A       24%         2
 Poisonous Vapours        Pois/Air       20%        N/A       24%         2
 Wereblood                Tmut           10%        N/A       24%         2
 Iskenderun's Mystic Bla  Conj/Tloc      32%        2d8       26%         4
 Cause Fear               Hex            15%        N/A       30%         4
 Ozocubu's Armour         Ice            10%        N/A       43%         3
 Spider Form              Tmut/Pois      10%        N/A       43%         3
 Vampiric Draining        Necr           10%        2d6       43%         3
 Metabolic Englaciation   Hex/Ice        10%        N/A       88%         5
 Dragon Form              Tmut           5%         N/A       100%        7
 Dragon's Call            Summ           5%         N/A       100%        9
 Simulacrum               Ice/Necr       Unusable   N/A       N/A         6

Dungeon Overview and Level Annotations

Branches:
Dungeon (10/15)            Temple (1/1) D:7            Lair (0/5) D:10
    Orc (0/2) D:9         Ossuary (visited)

Altars:
Ashenzari
Cheibriados
Dithmenos
Elyvilon
Fedhas
Gozag
Hepliaklqana
Kikubaaqudgha
Makhleb
Nemelex Xobeh
Qazlal
Ru
Sif Muna
Trog
Vehumet
Xom
Zin

Shops:
D:6 (   D:8 [

Annotations:
D:3 3 runed translucent doors, Tyrantos's ghost, amateur DrFi
D:8 3 runed translucent doors, Kinoniko's ghost, novice MiBe
D:10 Grum


Innate Abilities, Weirdness & Mutations

You can breathe bolts of dispelling energy.
Your rich purple scales are hard. (AC +7)
You cannot fit into any form of body armour.
You are cold-blooded and may be slowed by cold attacks.


Message History

Grum closely misses you. You block the wolf's attack.
You puncture something! Lightning courses through something!!
Reactivating autopickup.
You feel a bit more experienced. The wolf closely misses you.
Grum hits you from afar with a -1 halberd!
* * * LOW HITPOINT WARNING * * *
You block the wolf's attack. You block Grum's attack.
You puncture the wolf!
The wolf is moderately wounded.
You block the wolf's attack.
The wolf is distracted by your dazzling golden aura.
You block Grum's attack.
You hit the wolf.
The wolf is no longer distracted by gold.
Your tail-slap misses the wolf.
The wolf is heavily wounded.
The wolf barely misses you. The wolf bites you.
* * * LOW HITPOINT WARNING * * *
Grum barely misses you.
You feel much better. The wolf bites you.
* * * LOW HITPOINT WARNING * * *
You block the wolf's attack.
Grum hits you from afar with a -1 halberd!
* * * LOW HITPOINT WARNING * * *
You block the wolf's attack. The wolf barely misses you.
There is an open door here.
Casting: Searing Ray (safe; 1% risk of failure)
Confirm with . or Enter, or press ? or * to list all spells.
Aiming: Searing Ray (safe; 1% risk of failure)
Press: ? - help, Shift-Dir - straight line, f/p - Grum
Aim: Grum, wielding a -1 halberd and wearing a +0 animal skin (heavily wounded, 85% to hit)
The searing ray hits the wolf.
The wolf is severely wounded.
The searing ray hits Grum.
Grum is severely wounded. (Press . to maintain the ray.)
The wolf bites you but does no damage. You block the wolf's attack.
Grum hits you from afar with a -1 halberd!
You die...
Your body crumbles into a pile of gold.

.....# ##..P........## #..#
.....## ##.............## #.##
......# #.......>.......# #.#
......# #...PP......P...####.###
......# #.#.}.........#.........
......# #.##.........##.........
......####.####.....####.........
......'....#........##...........
......######....@...####.........
......# ####h##### ##########
'###### #g.# ยง.ZZ.# ##$# ###Z.#
#.# .+# .$. ZZ .... ... .....
Z8{. .....#


You could see Grum and a wolf.

Vanquished Creatures
  A manticore (D:8)
  An elephant (D:9)
  3 centaur zombies (D:10)
  Psyche (D:7)
  A troll (D:10)
  A hornet (D:9)
  A shadow (D:10)
  6 yaks (D:9)
  3 vampires (D:10)
  3 wyverns
  A basilisk (D:10)
  A steam dragon (D:7)
  A wraith (Ossuary)
  An acid dragon (D:8)
  2 water moccasins (D:6)
  7 orc warriors
  2 ice beasts
  2 sky beasts (D:7)
  A black bear (D:10)
  2 wolves (D:10)
  An ogre (D:6)
  3 centaurs
  2 necrophages
  4 bullfrogs
  A scorpion (D:7)
  6 killer bees (D:8)
  4 howler monkeys
  An electric eel (D:9)
  3 hounds
  Crazy Yiuf (D:6)
  11 orc priests
  3 iguanas
  Natasha (thrice) (D:2)
  8 orc wizards
  3 mummies (Ossuary)
  Robin (D:2)
  4 gnolls (D:3)
  5 adders
  A white imp (D:6)
  An ufetubus (D:5)
  A worm (D:2)
  4 dart slugs
  37 orcs
  9 endoplasms
  4 giant cockroaches
  A gnoll zombie (Ossuary)
  9 goblins
  6 hobgoblins
  11 jackals
  7 kobolds
  10 quokkas
  7 ball pythons
  9 bats
  2 frilled lizards
  2 goblin zombies (Ossuary)
  3 hobgoblin zombies (Ossuary)
  4 kobold zombies (Ossuary)
  2 rats (D:2)
235 creatures vanquished.

Vanquished Creatures (others)
  13 fungi (D:5)
  A withered plant (D:10)
14 creatures vanquished.

Grand Total: 249 creatures vanquished

Notes
Turn   | Place    | Note
-------+----------+-------------------------------------------
     0 | D:1      | Decritt the Draconian Conjurer began the quest for the Orb.
     0 | D:1      | Reached XP level 1. HP: 14/14 MP: 3/3
   321 | D:1      | Reached XP level 2. HP: 22/22 MP: 0/5
   568 | D:1      | Reached skill level 1 in Fighting
  1010 | D:2      | Reached XP level 3. HP: 28/28 MP: 1/6
  1425 | D:2      | Noticed Robin
  1427 | D:2      | Noticed Natasha
  1461 | D:2      | Killed Natasha
  1462 | D:2      | Reached XP level 4. HP: 28/36 MP: 1/8
  1468 | D:2      | Killed Robin
  1654 | D:2      | Noticed Natasha
  1658 | D:2      | Killed Natasha
  1694 | D:2      | Noticed Natasha
  1699 | D:2      | Killed Natasha
  1700 | D:2      | Reached XP level 5. HP: 38/42 MP: 6/9
  1780 | D:3      | Noticed Tyrantos's ghost (amateur DrFi)
  1781 | D:3      | Found a runed translucent gate.
  1809 | D:3      | Found a runed translucent gate.
  1810 | D:3      | Found a runed translucent gate.
  1846 | D:3      | Found a shimmering blue altar of Sif Muna.
  1896 | D:3      | Found a bloodstained altar of Trog.
  2200 | D:3      | Learned a level 2 spell: Searing Ray
  2676 | D:3      | Found a radiant altar of Vehumet.
  3025 | D:4      | Reached skill level 5 in Conjurations
  3204 | D:4      | Found a broken altar of Ashenzari.
  3684 | D:4      | Found a snail-covered altar of Cheibriados.
  3847 | D:4      | Found a white marble altar of Elyvilon.
  3874 | D:5      | Entered Level 5 of the Dungeon
  3897 | D:5      | Reached XP level 6. HP: 51/51 MP: 5/11
  4742 | D:6      | Noticed an ice beast
  4757 | D:6      | Killed an ice beast
  4759 | D:6      | Found Guqir Kea's Weapon Shoppe.
  4826 | D:6      | Found an ancient bone altar of Kikubaaqudgha.
  4875 | D:6      | Your scales start taking on a rich purple colour.
  4875 | D:6      | Reached XP level 7. HP: 58/58 MP: 12/14
  4985 | D:6      | Identified the +10 spear of Rotation {elec, +Blink Fly rC++
                  | Dex-5}
  5197 | D:6      | Found a runed translucent door.
  5198 | D:6      | Noticed Crazy Yiuf
  5204 | D:6      | Killed Crazy Yiuf
  5358 | D:6      | Reached skill level 5 in Spellcasting
  5380 | D:6      | Found a blossoming altar of Fedhas.
  5446 | D:7      | Identified a scroll of acquirement
  5446 | D:7      | Acquired the +3 kite shield of Polish {Int+2}
  5679 | D:6      | Reached skill level 1 in Polearms
  5679 | D:6      | Reached skill level 1 in Shields
  5679 | D:6      | Reached XP level 8. HP: 26/67 MP: 11/16
  5850 | D:7      | Reached skill level 5 in Fighting
  6082 | D:7      | Found a sand-covered staircase.
  6092 | Ossuary  | Entered an ossuary
  7050 | D:7      | Reached skill level 5 in Dodging
  7608 | D:7      | Found a staircase to the Ecumenical Temple.
  7704 | Temple   | Entered the Ecumenical Temple
  7786 | Temple   | Became a worshipper of Gozag Ym Sagoz the Greedy
  7919 | D:8      | Noticed Psyche
  7929 | D:7      | Killed Psyche
  7930 | D:7      | Reached XP level 9. HP: 70/75 MP: 18/18
  8469 | D:8      | Found Dinephonk's Antique Armour Shop.
  8524 | D:8      | Reached skill level 1 in Hexes
  8602 | D:8      | Found a runed translucent gate.
  8602 | D:8      | Found a runed translucent gate.
  8602 | D:8      | Found a runed translucent gate.
  8737 | D:8      | Noticed Kinoniko's ghost (novice MiBe)
  8916 | D:8      | Found a sacrificial altar of Ru.
  8956 | D:8      | Noticed a manticore
  9025 | D:7      | Learned a level 4 spell: Fulminant Prism
  9074 | D:8      | Killed a manticore
  9701 | D:9      | Reached XP level 10. HP: 70/84 MP: 19/21
 10072 | D:9      | Reached skill level 5 in Shields
 10207 | D:9      | Found a burning altar of Makhleb.
 10871 | D:9      | Found a staircase to the Orcish Mines.
 11183 | D:10     | Entered Level 10 of the Dungeon
 11482 | D:10     | Identified the +4 ring mail "Jaoletem" {Slay+2}
 11691 | D:10     | HP: 4/88 [something (6)]
 12300 | D:10     | Noticed an elephant
 12337 | D:9      | Killed an elephant
 12610 | D:10     | Found a staircase to the Lair.
 12727 | D:10     | Reached XP level 11. HP: 74/94 MP: 23/23
 13053 | D:10     | Noticed Grum
 13073 | D:10     | Mangled by Grum

Illustrated notes

Levels and vault maps discovered:
D:1:      pf_arrival_petrified_forest, layout_basic
D:2:      layout_rooms, uniq_natasha, uniq_robin
D:3:      layout_basic, lemuel_crystal_altar, trog_butcher_becter,
          vehumet_crystals, gammafunk_ghost_split
D:4:      layout_basic, evilmike_ruin_ashenzari, mainiacjoe_overflow_big_doors
D:5:      layout_rooms, serial_aquarium, aquarium_bridge_long_joined
          [aquarium_subvault_wall, aquarium_subvault_bridge,
          aquarium_subvault_window, aquarium_subvault_bridge,
          aquarium_subvault_wall, aquarium_subvault_window],
          aquarium_bridge_straight [aquarium_subvault_bridge,
          aquarium_subvault_wall, aquarium_subvault_bridge,
          aquarium_subvault_wall], aquarium_window_fake, aquarium_window_1,
          aquarium_view_2d, aquarium_view_2e, aquarium_pool_1,
          chequers_serial_rivers_small_b
D:6:      layout_rooms, fedhas_altar_fruit_tree, overflow_temple_1_default,
          serial_shops, nicolae_shop_stone, uniq_crazy_yiuf_cottage
D:7:      layout_layer_cave, temple_statues, enter_ossuary_1
D:8:      layout_basic, lemuel_tele_altar, gammafunk_ghost_icy, serial_shops,
          shop, small_chamber_with_monster, uniq_psyche
D:9:      layout_basic, lemuel_crystal_altar, erik_orc_2, kennysheep_nub
D:10:     layout_roguey, david_lair_generic, serial_undead, serial_undead_d,
          serial_undead_a, serial_undead_d, serial_undead_c, nicolae_titane,
          uniq_grum
Temple:   minmay_temple_forest_path

Skill      XL: |  1  2  3  4  5  6  7  8  9 10 11 |
---------------+----------------------------------+-----
Dodging        | 2 3 4 5 6 7 |  7.1
Fighting       | 1 2 3 4 6 8 |  8.2
Spellcasting   | 3 4 5 6 7 8 |  8.6
Conjurations   | 5 6 7 8 |  8.6
Polearms       | 1 3 4 |  4.0
Shields        | 1 3 4 5 6 |  6.0
Hexes          | 2 4 |  4.0
Stealth        | |  1.7

Action                   |  1- 3 |  4- 6 |  7- 9 | 10-12 || total
-------------------------+-------+-------+-------+-------++-------
Melee: Dagger            |     8 |       |       |       ||     8
       Unarmed           |     3 |       |       |       ||     3
       Punch             |     3 |     1 |       |       ||     4
       Tailslap          |     4 |     7 |    27 |    13 ||    51
       Trident           |    47 |    21 |       |       ||    68
       Mace              |     6 |       |       |       ||     6
       Whip              |       |    40 |     4 |       ||    44
       Spear             |       |       |   218 |   140 ||   358
 Cast: Magic Dart        |    63 |    97 |   102 |    63 ||   325
       Searing Ray       |       |     7 |     5 |    19 ||    31
 Abil: Breathe Dispellin |       |       |     2 |       ||     2
  Use: Scroll            |       |    14 |     8 |     3 ||    25
       Potion            |       |       |     1 |     5 ||     6
 Stab: Sleeping          |     1 |     2 |     1 |       ||     4
       Distracted        |       |       |     1 |       ||     1
Armor: Skin              |    30 |    26 |   113 |    69 ||   238
Dodge: Dodged            |    50 |    59 |   112 |    61 ||   282
Block: Kite shield       |       |       |   106 |   112 ||   218

Table legend: (Time is in decaauts)
 A = Elapsed time spent in this place.
 B = Non-inter-level travel time spent in this place.
 C = Inter-level travel time spent in this place.
 D = Time resting spent in this place.
 E = Time spent auto-exploring this place.
 F = Levels seen in this place.
 G = Mean time per level.
                   A        B        C        D        E       F      G
               +--------+--------+--------+--------+--------+-----+--------+
         Total |  13130 |  12659 |    471 |   2555 |   8189 |  12 | 1094.2 |
       Dungeon |  12505 |  12070 |    435 |   2555 |   7702 |  10 | 1250.5 |
        Temple |    118 |     82 |     36 |      0 |     69 |   1 |  118.0 |
       Ossuary |    506 |    506 |      0 |      0 |    418 |   1 |  506.0 |
               +--------+--------+--------+--------+--------+-----+--------+

Top non-repeatable levels by time:
     D:9: 2504 daAuts
     D:7: 1933 daAuts
     D:6: 1274 daAuts
     D:3: 1203 daAuts
    D:10: 1165 daAuts
     D:8: 1055 daAuts
     D:1: 984 daAuts
     D:4: 904 daAuts
     D:2: 812 daAuts
     D:5: 667 daAuts
 Ossuary: 506 daAuts
  Temple: 118 daAuts
